 Dungeon Crawl Stone Soup version 0.28-a0-851-g8b9cc49659 (webtiles) character file.

Game seed: 3660383911075727274

128 bande the Covered (level 5, -2/33 HPs)
             Began as a Gargoyle Fighter on Nov 14, 2021.
             Killed by divine providence
             ... invoked by an orc priest
              (7 damage)
             ... on level 3 of the Dungeon.
             The game lasted 00:03:52 (2989 turns).

bande the Covered (Gargoyle Fighter)                Turns: 2989, Time: 00:03:53

Health: -2/33      AC: 15    Str: 21    XL:     5   Next: 11%
Magic:  5/5        EV:  6    Int:  8    God:
Gold:   81         SH:  0    Dex:  9    Spells: 4/4 levels left

rFire   . . .      SeeInvis .   a - +0 war axe
rCold   . . .      Faith    .   c - +0 buckler
rNeg    + . .      Spirit   .   g - +0 plate armour
rPois   ∞          Reflect  .   (no helmet)
rElec   +          Harm     .   (no cloak)
rCorr   .          Rampage  .   (no gloves)
Will    .....                   (no boots)
Stlth   ..........              (no amulet)
HPRegen 0.11/turn               (no ring)
MPRegen 0.09/turn               (no ring)

@: confused
A: sickness immunity, AC +4, negative energy resistance 1, electricity
resistance, torment resistance 1, petrification resistance
a: no special abilities


You were on level 3 of the Dungeon.
You visited 1 branch of the dungeon, and saw 3 of its levels.

You collected 81 gold pieces.

Inventory:

Hand Weapons
 a - a +0 war axe (weapon)
Armour
 c - a +0 buckler (worn)
 g - a +0 plate armour (worn)
Jewellery
 h - a ring of fire
Scrolls
 b - a scroll of magic mapping
 e - 4 scrolls of teleportation
 i - a scroll of amnesia {unknown}
Potions
 d - a potion of might
 f - a potion of curing {unknown}


   Skills:
 + Level 3.9 Fighting
 + Level 3.3 Axes
 + Level 4.1 Armour
 + Level 3.9 Shields


You had 4 spell levels left.
You didn't know any spells.
Your spell library was empty.

Dungeon Overview and Level Annotations

Branches:
Dungeon (3/15)

Altars:
Ru
Wu Jian


Innate Abilities, Weirdness & Mutations

You are immune to sickness and miasma.
Your stone body is resilient. (AC +4)
You are immune to poison.
You resist negative energy. (rN+)
You are resistant to electric shocks. (rElec)
You are resistant to unholy torment.
You are immune to petrification.


Message History

The orc is lightly wounded.
You barely miss something. The orc barely misses you.
The orc priest begins to cast a cantrip, but forgets the words!
You block something's attack.
Unknown command.
You slash the orc!
You kill the orc!
You barely miss something.
The orc priest invokes the aid of Beogh against you.
Beogh smites you! Something hits you.
Unknown command.
The orc priest hits you but does no damage.
Something hits you but does no damage.
Items here: $ ( )))) [ †††.
Unknown command.
You hit the orc priest.
The orc priest is lightly wounded.
You barely miss something.
The orc priest calls down the wrath of Beogh upon you.
Pain shoots through your body! Something hits you but does no damage.
You block the orc priest's attack.
You hear some strange, mumbled words.
You are confused.
You slash the orc priest!
The orc priest is heavily wounded.
You completely miss something.
The orc priest mumbles some strange prayers to Beogh against you.
Beogh smites you!
* * * LOW HITPOINT WARNING * * *
You hear some strange, mumbled words.
Something tries to affect you, but you resist.
You closely miss the orc priest.
The orc priest is heavily wounded.
You completely miss something.
The orc priest hits you but does no damage.
Something hits you but does no damage.
You bump into the rock wall.
The orc priest mumbles some strange prayers to Beogh against you.
Beogh smites you!
You die...

._.≈..PP..)....# #.....#.#
...≈..PP.......# .....###...#.#.#
≈≈≈≈..PP.......# .....'...#.....#
......PP.......# .....##.........
......PP.......# .....##.........
.PPPPPPP.......# .....##.........
†PPPPPPP.......# .....##.........
...............##.....##.........
.......(....≈≈.{@o.≈≈≈######.....
########....≈...≈≈.....≈ #.....
####....≈..≈≈.... #.....
#...≈.......≈≈ ##.†.≈..≈≈....
#≈...≈≈.....≈ #≈≈.....≈≈≈##
###.......... #..........


You could see an orc priest.

Vanquished Creatures
  2 adders (D:2)
  3 worms (D:2)
  A dart slug (D:3)
  8 orcs (D:3)
  16 bats
  11 endoplasms
  2 giant cockroaches
  A goblin (D:2)
  4 hobgoblins
  14 kobolds
  3 quokkas
  9 ball pythons
  5 frilled lizards
  8 rats
87 creatures vanquished.

Vanquished Creatures (others)
  4 plants (D:1)
4 creatures vanquished.

Grand Total: 91 creatures vanquished

Notes
Turn   | Place    | Note
-------+----------+-------------------------------------------
     0 | D:1      | bande the Gargoyle Fighter began the quest for the Orb.
     0 | D:1      | Reached XP level 1. HP: 14/14 MP: 1/1
   338 | D:1      | Reached XP level 2. HP: 19/19 MP: 2/2
   670 | D:1      | Found a faded altar of an unknown god.
   873 | D:1      | Reached XP level 3. HP: 23/23 MP: 3/3
  1731 | D:2      | Reached XP level 4. HP: 29/29 MP: 4/4
  2117 | D:2      | Reached skill level 4 in Armour
  2833 | D:3      | Reached XP level 5. HP: 33/33 MP: 5/5
  2840 | D:3      | Found a sacrificial altar of Ru.
  2846 | D:3      | Found an ornate altar of the Wu Jian Council.
  2989 | D:3      | Killed from afar by an orc priest

Illustrated notes

Levels and vault maps discovered:
D:1:      amcnicky_arrival_single_pillar, layout_basic,
          hellmonk_ecumenical_altar_lost_god, chequers_decorated_corner,
          lexackson_kobold_supper
D:2:      minmay_thinvault, layout_basic, minmay_misc_feat_x
D:3:      layout_basic, nicolae_uskayaw_suspiria,
          mainiacjoe_overflow_tiny_flanked, mainiacjoe_overflow_chevrons

Skill      XL: |  1  2  3  4 |
---------------+-------------+-----
Axes           | 2 3 |  3.3
Armour         | 4 |  4.1
Fighting       | |  3.9
Shields        | |  3.9

Action                   |  1- 3 |  4- 6 || total
-------------------------+-------+-------++-------
Melee: War axe           |   134 |   124 ||   258
  Use: Scroll            |     6 |     1 ||     7
Armor: Scale mail        |    11 |       ||    11
       Plate armour      |   106 |   123 ||   229
Dodge: Dodged            |    41 |    40 ||    81
Block: Buckler           |    35 |    33 ||    68

Table legend: (Time is in decaauts)
 A = Elapsed time spent in this place.
 B = Non-inter-level travel time spent in this place.
 C = Inter-level travel time spent in this place.
 D = Time resting spent in this place.
 E = Time spent auto-exploring this place.
 F = Levels seen in this place.
 G = Mean time per level.
                   A        B        C        D        E       F      G
               +--------+--------+--------+--------+--------+-----+--------+
         Total |   3085 |   3032 |     53 |    509 |   1897 |   3 | 1028.3 |
       Dungeon |   3085 |   3032 |     53 |    509 |   1897 |   3 | 1028.3 |
               +--------+--------+--------+--------+--------+-----+--------+

Top non-repeatable levels by time:
     D:1: 1361 daAuts
     D:2: 1170 daAuts
     D:3: 554 daAuts
